 Dungeon Crawl Stone Soup version 0.29-a0-422-gafbd6decc1 (webtiles) character file.

Game seed: 5718521006585954518

100 jlumianski the Skirmisher (level 4, -7/36 HPs)
             Began as a Demonspawn Fighter on May 18, 2022.
             Killed from afar by an orc wizard (9 damage)
             ... with a puff of flame
             ... on level 3 of the Dungeon.
             The game lasted 00:10:09 (2385 turns).

jlumianski the Skirmisher (Demonspawn Fighter)      Turns: 2385, Time: 00:10:12

Health: -7/36      AC: 14    Str: 18    XL:     4   Next: 46%
Magic:  4/4        EV:  5    Int: 10    God:
Gold:   115        SH:  4    Dex: 12    Spells: 3/3 levels left

rFire   . . .      SeeInvis .   a - +1 war axe
rCold   . . .      Faith    .   c - +0 buckler
rNeg    . . .      Spirit   .   j - +0 plate armour
rPois   .          Reflect  .   (no helmet)
rElec   .          Harm     .   p - +1 cloak
rCorr   .          Rampage  .   (no gloves)
Will    .....                   (no boots)
Stlth   ..........              (no amulet)
HPRegen 0.12/turn               (no ring)
MPRegen 0.09/turn               (no ring)

@: mighty
A: rugged brown scales 1, demonic touch 1
a: no special abilities


You were on level 3 of the Dungeon.
You visited 1 branch of the dungeon, and saw 4 of its levels.

You collected 115 gold pieces.

Inventory:

Hand Weapons
 a - a +1 war axe (weapon)
Missiles
 h - 79 stones (quivered)
Armour
 b - a +0 scale mail
 c - a +0 buckler (worn)
 j - a +0 plate armour (worn)
 p - a +1 cloak (worn)
Scrolls
 e - a scroll of identify
 f - a scroll of fog
 g - 2 scrolls of blinking
 i - a scroll of poison
 l - a scroll of teleportation
Potions
 k - a potion of brilliance
 o - a potion of haste


   Skills:
 + Level 3.4 Fighting
 + Level 3.0 Axes
 + Level 3.3 Armour
 + Level 3.1 Shields


You had 3 spell levels left.
You didn't know any spells.
Your spell library contained the following spells:

 Spells                   Type           Power      Damage    Failure   Level
 Slow                     Hex            0%         N/A       100%        1
 Confusing Touch          Hex            0%         N/A       100%        3
 Vampiric Draining        Necr           0%         2d6       100%        3


Dungeon Overview and Level Annotations

Branches:
Dungeon (4/15)
 Temple: D:4-7

Altars:


Innate Abilities, Weirdness & Mutations

You are partially covered in rugged brown scales. (AC +1, +3% HP)
Your touch may inflict minor irresistible damage on your foes.


Message History

The orc priest is moderately wounded.
You slash the orc!
You kill the orc!
You miss something. You closely miss something.
The orc priest hits you but does no damage.
Something hits you but does no damage. x2
You hit the orc priest.
The orc priest is severely wounded.
You miss something. You closely miss something.
The orc priest hits you but does no damage.
You block something's attack. Something hits you but does no damage.
You hit the orc priest.
You kill the orc priest!
You barely miss something. You miss something.
Something hits you but does no damage.
You hear some strange, mumbled words.
Something tries to affect you, but you resist.
You hear some strange, mumbled words.
A puff of flame appears from out of thin air!
The puff of flame hits you.
* * * LOW HITPOINT WARNING * * *
Something hits you but does no damage.
Your Axes skill increases to level 3!
You miss something. You closely miss something. Something hits you.
* * * LOW HITPOINT WARNING * * *
Something hits you but does no damage.
You barely miss something. x2
You hear some strange, mumbled words.
A magic dart appears from out of thin air!
The magic dart hits you!
* * * LOW HITPOINT WARNING * * *
Something hits you but does no damage.
You slash something!
Reactivating autopickup.
You feel a bit more experienced.
You miss something.
You hear some strange, mumbled words.
A puff of flame appears from out of thin air!
Deactivating autopickup; reactivate with Ctrl-A.
The puff of flame hits you!
You die...

. . .## #. ..#
#. #.#
.####'###.#####
..............#
#...{))....# #
#....@)....##.#
#.............#
#........?.###
#..........#
#.....)....#
#..........# #
###.#####..# #
#........#### #
##..........# #
#


There were no monsters in sight!

Vanquished Creatures
  An orc priest (D:3)
  An orc wizard (D:3)
  An adder (D:2)
  An ufetubus (D:3)
  3 worms (D:2)
  A dart slug (D:1)
  3 orcs (D:3)
  2 ball pythons (D:1)
  2 endoplasms
  5 giant cockroaches
  3 goblins
  5 hobgoblins
  3 quokkas
  4 bats
  3 frilled lizards
  3 kobolds
  2 rats
43 creatures vanquished.

Notes
Turn   | Place    | Note
-------+----------+-------------------------------------------
     0 | D:1      | jlumianski the Demonspawn Fighter began the quest for the
                  | Orb.
     0 | D:1      | Reached XP level 1. HP: 18/18 MP: 1/1
   141 | D:1      | Found a faded altar of an unknown god.
   215 | D:1      | Gained mutation: Your touch may inflict minor irresistible
                  | damage on your foes. [demonic ancestry]
   215 | D:1      | Reached XP level 2. HP: 17/24 MP: 2/2
   916 | D:2      | Reached XP level 3. HP: 24/29 MP: 3/3
  2359 | D:3      | Gained mutation: You are partially covered in rugged brown
                  | scales. (AC +1, +3% HP) [demonic ancestry]
  2359 | D:3      | Reached XP level 4. HP: 29/36 MP: 4/4
  2384 | D:3      | HP: 1/36 [something/magic dart (8)]
  2385 | D:3      | Killed from afar by an orc wizard

Illustrated notes

Levels and vault maps discovered:
D:1:      dpeg_arrival_tiny_d, layout_rooms,
          hellmonk_ecumenical_altar_crossroads
D:2:      layout_rooms, minmay_hedge_maze
D:3:      kennysheep_goblin_castle, layout_basic, mainiacjoe_overflow_alcove_4,
          serial_shops, nicolae_shop_overgrown_old_shop, nicolae_square_shop,
          shop_fountains, minivault_25
D:4:      layout_rooms

Skill      XL: |  1  2  3  4 |
---------------+-------------+-----
Armour         | 3 |  3.3
Axes           | 2 3 |  3.0
Shields        | 3 |  3.1
Fighting       | |  3.4

Action                   |  1- 3 |  4- 6 || total
-------------------------+-------+-------++-------
Melee: War axe           |   140 |     9 ||   149
  Use: Scroll            |    10 |       ||    10
       Potion            |       |     1 ||     1
Armor: Scale mail        |    15 |       ||    15
       Plate armour      |    99 |    25 ||   124
Dodge: Dodged            |    61 |     1 ||    62
Block: Buckler           |    45 |     2 ||    47

Table legend: (Time is in decaauts)
 A = Elapsed time spent in this place.
 B = Non-inter-level travel time spent in this place.
 C = Inter-level travel time spent in this place.
 D = Time resting spent in this place.
 E = Time spent auto-exploring this place.
 F = Levels seen in this place.
 G = Mean time per level.
                   A        B        C        D        E       F      G
               +--------+--------+--------+--------+--------+-----+--------+
         Total |   2449 |   2426 |     23 |    461 |   1130 |   4 |  612.2 |
       Dungeon |   2449 |   2426 |     23 |    461 |   1130 |   4 |  612.2 |
               +--------+--------+--------+--------+--------+-----+--------+

Top non-repeatable levels by time:
     D:2: 1280 daAuts
     D:1: 834 daAuts
     D:3: 316 daAuts
     D:4: 17 daAuts
